 Dungeon Crawl Stone Soup version 0.23.1 (webtiles) character file.

Game seed: 5676959429919251745

2795 McKennaii the Basher (level 9, -5/56 HPs)
             Began as a Gargoyle Fighter on Mar 12, 2019.
             Was a Believer of Cheibriados.
             Slain by a death yak (7 damage)
             ... on level 7 of the Dungeon.
             The game lasted 00:12:49 (6216 turns).

McKennaii the Basher (Gargoyle Fighter)             Turns: 6216, Time: 00:12:49

Health: -5/56      AC: 20    Str: 29    XL:     9   Next: 71%
Magic:  9/9        EV:  6    Int: 16    God:    Cheibriados [**....]
Gold:   424        SH: 12    Dex: 13    Spells: 8/8 levels left

rFire    . . .     SeeInvis .   a - +0 flail
rCold    . . .     Gourm    .   c - +0 shield
rNeg     + . .     Faith    .   r - +0 plate armour
rPois    ∞         Spirit   .   (no helmet)
rElec    +         Reflect  .   (no cloak)
rCorr    +         Harm     .   (no gloves)
MR       .....                  y - +0 pair of boots
Stlth    ..........             (no amulet)
HPRegen  0.18/turn              i - ring of resist corrosion
MPRegen  0.11/turn              w - +3 ring of intelligence

@: very slow
A: negative energy resistance 1, electricity resistance, strong 1, wild magic 1,
unbreathing, petrification resistance, rot immunity, AC +6
a: Bend Time, Renounce Religion


You were on level 7 of the Dungeon.
You worshipped Cheibriados.
Cheibriados was pleased with you.
You were not hungry.

You visited 2 branches of the dungeon, and saw 9 of its levels.

You collected 424 gold pieces.

Inventory:

Hand Weapons
 a - a +0 flail (weapon)
Armour
 c - a +0 shield (worn)
 r - a +0 plate armour (worn)
 y - a +0 pair of boots (worn)
Jewellery
 i - a ring of resist corrosion (left hand)
 s - an uncursed ring of wizardry
 w - a +3 ring of intelligence (right hand)
 A - an uncursed ring of wizardry
Scrolls
 b - a scroll of fog {unknown}
 d - a scroll of summoning {unknown}
 e - 12 scrolls of identify
 k - 2 scrolls of magic mapping {unknown}
 l - 2 scrolls of immolation {unknown}
 n - 3 scrolls of remove curse
 p - 2 scrolls of amnesia {unknown}
 t - a scroll of enchant weapon {unknown}
 u - 4 scrolls of teleportation
 x - 2 scrolls of fear {unknown}
Potions
 g - 3 potions of brilliance
 B - a potion of magic {unknown}
Comestibles
 f - 12 rations


   Skills:
 + Level 6.6 Fighting
 + Level 8.5 Maces & Flails
 + Level 6.9 Armour
 + Level 1.2 Dodging
 + Level 1.6 Stealth
 + Level 7.3 Shields


You had 8 spell levels left.
You didn't know any spells.
Your spell library contained the following spells:

 Spells                   Type           Power        Failure   Level  Hunger
 Magic Dart               Conj           #...         100%        1    ##.....
 Sandblast                Erth           #.....       100%        1    ##.....
 Passwall                 Tmut/Erth      #.......     100%        2    ###....
 Searing Ray              Conj           #.....       100%        2    ###....
 Dazzling Spray           Conj/Hex       #.....       100%        3    ####...
 Stone Arrow              Conj/Erth      #.....       100%        3    ####...
 Force Lance              Conj/Tloc      #.......     100%        4    #####..
 Fulminant Prism          Conj/Hex       #.........   100%        4    #####..
 Iskenderun's Mystic Bla  Conj           #.......     100%        4    #####..
 Petrify                  Tmut/Erth      #.......     100%        4    #####..
 Lee's Rapid Deconstruct  Erth           #.........   100%        5    ######.


Dungeon Overview and Level Annotations

Branches:
Dungeon (8/15)             Temple (1/1) D:5
   Lair: D:8-11

Altars:
Ashenzari
Cheibriados
Dithmenos
Elyvilon
Hepliaklqana
Makhleb
Nemelex Xobeh
Okawaru
Qazlal
Ru
Sif Muna
Trog
Uskayaw
Vehumet
Wu Jian
Zin
The Shining One


Innate Abilities, Weirdness & Mutations

You are resistant to torment.
Your stone body is resilient. (AC +6)
You are immune to poison.
You resist negative energy. (rN+)
You are resistant to electric shocks. (rElec)
You can survive without breathing.
You are immune to petrification.
You are immune to rotting.
Your muscles are strong. (Str +2)
Your spells are a little harder to cast, but a little more powerful.


Message History

You hit the death yak.
The death yak is heavily wounded.
You block the death yak's attack.
You hit the death yak.
The death yak is heavily wounded.
The death yak gores you!
You hit the death yak.
The death yak is heavily wounded.
The death yak gores you but does no damage.
You sock the death yak!
The death yak is severely wounded.
The death yak gores you.
You hit the death yak but do no damage.
The death yak is severely wounded.
The death yak gores you!
* * * LOW HITPOINT WARNING * * *
Your plate armour prevents you from hitting the death yak.
The death yak is severely wounded.
The death yak gores you!
You die...

##
#....(#..#.####.###########
.# #....(#..#.#
#.##......... .#
#....(#..#.# #.##.........
.#
#.....#..#.####.##.....)...
.#
#...).##......#.##.........
.#
#.....##...##.#.##.........
.#
#.............#.##.(.......
.#
###+#.###Y.#..#.##.........
.#
#.#.....@#..#............
.#
#...........####.........
## ############..#.##
#.........
#.............#.#
##########
#.########....#.###### #.#
#.#..#.#....# #.#
#.#.[#.#.##.# #.#
#.#..#...##.# #.#
#.#..######.#########


You could see a death yak.

Vanquished Creatures
  A death yak (D:8)
  Sigmund (D:5)
  A hungry ghost (D:7)
  A sky beast (D:8)
  An orc warrior (D:8)
  An ice beast (D:7)
  A necrophage (D:8)
  2 phantoms
  3 ogres
  2 centaurs
  4 bullfrogs
  A scorpion (D:7)
  A howler monkey (D:4)
  2 crimson imps
  A bullfrog zombie (D:5)
  3 jellies
  2 orc priests
  A hound (D:6)
  2 iguanas (D:7)
  3 orc wizards
  A hound skeleton (D:6)
  A gnoll (D:1)
  7 adders
  A shadow imp (D:6)
  2 oozes
  An adder skeleton (D:4)
  2 worms
  2 leopard geckos
  12 orcs
  A ball python (D:1)
  2 bats (D:1)
  4 giant cockroaches
  12 goblins
  7 hobgoblins
  9 jackals
  7 quokkas
  3 frilled lizards
  A jackal skeleton (D:8)
  10 kobolds
  8 rats
127 creatures vanquished.

Notes
Turn   | Place    | Note
-------+----------+-------------------------------------------
     0 | D:1      | McKennaii the Gargoyle Fighter began the quest for the Orb.
     0 | D:1      | Reached XP level 1. HP: 14/14 MP: 1/1
    74 | D:1      | Reached XP level 2. HP: 10/19 MP: 2/2
   356 | D:1      | Reached XP level 3. HP: 21/24 MP: 3/3
  1068 | D:2      | Reached XP level 4. HP: 25/29 MP: 4/4
  1177 | D:2      | Reached skill level 3 in Maces & Flails
  1428 | D:2      | Found a burning altar of Makhleb.
  1524 | D:2      | Found a deep blue altar of Sif Muna.
  1582 | D:2      | Reached skill level 1 in Dodging
  1833 | D:3      | Reached XP level 5. HP: 24/33 MP: 5/5
  2173 | D:4      | Noticed a phantom
  2252 | D:4      | Killed a phantom
  2252 | D:4      | Reached skill level 4 in Maces & Flails
  2252 | D:4      | Reached XP level 6. HP: 37/38 MP: 6/6
  2574 | D:4      | Found a shadowy altar of Dithmenos.
  2823 | D:5      | Entered Level 5 of the Dungeon
  3026 | D:5      | Found a staircase to the Ecumenical Temple.
  3085 | D:5      | Reached XP level 7. HP: 39/44 MP: 7/7
  3094 | Temple   | Entered the Ecumenical Temple
  3156 | Temple   | Became a worshipper of Cheibriados the Contemplative
  3354 | D:5      | Noticed Sigmund
  3368 | D:5      | Killed Sigmund
  3368 | D:5      | Reached skill level 5 in Maces & Flails
  3368 | D:5      | Reached skill level 5 in Shields
  3480 | D:5      | Reached skill level 5 in Fighting
  3829 | D:6      | Reached skill level 6 in Maces & Flails
  3829 | D:6      | Reached XP level 8. HP: 18/49 MP: 8/8
  3833 | D:6      | Reached * piety under Cheibriados
  4224 | D:6      | Reached skill level 5 in Armour
  4982 | D:7      | Found a sparkling altar of Nemelex Xobeh.
  5172 | D:7      | Reached skill level 7 in Maces & Flails
  5528 | D:7      | Reached XP level 9. HP: 55/55 MP: 9/9
  5678 | D:8      | Noticed a death yak
  5683 | D:8      | Noticed a death yak
  5688 | D:8      | Noticed a death yak
  5703 | D:8      | Killed a death yak
  5703 | D:8      | Reached skill level 8 in Maces & Flails
  5703 | D:8      | Reached skill level 1 in Stealth
  5704 | D:8      | Gained mutation: Your muscles are strong. (Str +2) [potion
                  | of mutation]
  5704 | D:8      | Gained mutation: Your spells are a little harder to cast,
                  | but a little more powerful. [potion of mutation]
  5912 | D:8      | Reached ** piety under Cheibriados
  6215 | D:7      | HP: 2/56 [death yak (16)]
  6216 | D:7      | Slain by a death yak

Skill      XL: |  1  2  3  4  5  6  7  8  9 |
---------------+----------------------------+-----
Maces & Flails | 3 4 6 7 8 |  8.5
Fighting       | 4 5 6 |  6.6
Dodging        | 1 |  1.2
Shields        | 4 5 6 7 |  7.3
Armour         | 4 6 |  6.9
Stealth        | 1 |  1.6

Action                   |  1- 3 |  4- 6 |  7- 9 || total
-------------------------+-------+-------+-------++-------
Melee: Flail             |   169 |   279 |   336 ||   784
  Use: Potion            |       |       |     8 ||     8
       Scroll            |       |       |     3 ||     3
 Stab: Invisible         |       |       |     3 ||     3
  Eat: Chunk             |     1 |     7 |    12 ||    20
       Ration            |       |       |     1 ||     1
Armor: Scale mail        |   105 |    48 |       ||   153
       Plate armour      |       |   139 |   201 ||   340
Dodge: Dodged            |    61 |    66 |    49 ||   176
Block: Shield            |    90 |   134 |   182 ||   406
